 Dungeon Crawl Stone Soup version 0.31-a0-37-g98a128e1d9 (console) character file.

Game seed: 6638607867365497249

247 petzl the Sneak (level 6, 0/47 HPs)
             Began as a Formicid Delver on May 13, 2023.
             Slain by a vampire mosquito (11 damage)
             ... on level 13 of the Dungeon on May 15, 2023.
             The game lasted 00:18:57 (2040 turns).

petzl the Sneak (Formicid Delver)                   Turns: 2040, Time: 00:18:58

Health: 0/47       AC:  3    Str: 17    XL:     6   Next: 34%
Magic:  14/14      EV: 12    Int: 11    God:
Gold:   168        SH:  0    Dex: 15    Spells: 16/16 levels left

rFire   + . .        n - +0 mace (drain)
rCold   + . .        (no shield)
rNeg    . . .        o - +1 robe {rC+ rF+}
rPois   .            (helmet unavailable)
rElec   .            (no cloak)
rCorr   .            (no gloves)
SInv    +            (no boots)
Will    +....        (no amulet)
Stlth   +++          j - ring of willpower
HPRegen 0.27/turn    (no ring)
MPRegen 0.14/turn

%: no passive effects
@: no status effects
A: permanent stasis, dig shafts and tunnels, antennae 3, four strong arms
a: Dig, Shaft Self


You were on level 13 of the Dungeon.
You visited 1 branch of the dungeon, and saw 11 of its levels.

You collected 168 gold pieces.

Inventory:

Hand Weapons
 a - a +1 dagger of speed {!f =f}
 d - the +8 sling "Oshang" {drain, MP-9 Int+3 Dex+5}
   (You found it on level 14 of the Dungeon)

   Int:       It affects your intelligence (+3).
   Dex:       It affects your dexterity (+5).
   MP:        It affects your magic capacity (-9).
 n - a +0 mace of draining (weapon)
Armour
 o - a +1 robe of resistance (worn)
Jewellery
 j - a ring of willpower (left hand)
Wands
 f - a wand of digging (2)
Scrolls
 b - a scroll of identify
 c - a scroll of fog
 e - a scroll of butterflies
 g - a scroll of silence
Potions
 l - a potion of curing {unknown}
 m - 2 potions of lignification {unknown}


   Skills:
 - Level 3.2 Fighting
 - Level 2.0 Maces & Flails
 - Level 1.7 Dodging
 - Level 6.0 Stealth
 + Level 5.8 Spellcasting


You had 16 spell levels left.
You didn't know any spells.
Your spell library contained the following spells:

 Spells                   Type           Power      Damage    Failure   Level
 Call Canine Familiar     Summ           3%         N/A       52%         3
 Portal Projectile        Hex/Tloc       6%         N/A       52%         3
 Leda's Liquefaction      Hex/Erth       1%         N/A       89%         4
 Summon Lightning Spire   Summ/Air       3%         N/A       89%         4
 Blade Hands              Tmut           1%         N/A       99%         5
 Irradiate                Conj/Tmut      1%         3d12      99%         5
 Dragon Form              Tmut           1%         N/A       100%        7
 Storm Form               Tmut/Air       1%         N/A       100%        7
 Maxwell's Capacitive Co  Air            1%         ∞         100%        8


Dungeon Overview and Level Annotations

Branches:
Dungeon (15/15)              Lair (0/5) D:10            Orc (0/2) D:9
 Temple: D:4-7       Vaults: D:13-14     Depths: D:15

Altars:
Ashenzari
Gozag
Nemelex Xobeh
Xom

Shops:
D:9 *

Annotations:
D:5 Edmund
D:6 2 runed translucent doors, patfeehan111222's ghost, novice DsBe
D:7 exclusion: downstairs
D:8 exclusion: sensed monster (detected)
D:9 exclusions: gnoll, killer bee, orc wizard, 2 sensed monsters (detected) and 2 upstairs
D:10 exclusion: upstairs
D:11 exclusion: downstairs
D:14 exclusion: troll


Innate Abilities, Weirdness & Mutations

You cannot be hasted, slowed, berserked, paralysed or teleported.
You can dig through walls and to a lower floor.
You have a pair of large antennae on your head. (SInv)
Your four strong arms can wield two-handed weapons with a shield.


Message History

You sense a monster nearby.
Aiming: Dig
Press: ? - help, Shift-Dir - straight line, f - you Please select a direction to dig.
The rock shatters into small pieces.
Found a glimmering sling.
A manticore comes into view.
You start waiting.
You sense a monster nearby.
Found 11 gold pieces.
Found a stone staircase leading up.
You see here the +8 sling "Oshang" {drain, MP-9 Int+3 Dex+5}.
d - the +8 sling "Oshang" {drain, MP-9 Int+3 Dex+5}
There is a stone staircase leading up here.
You climb upwards.
You hear coins being counted.
An interdimensional caravan has stopped on this level and set up a bazaar.
Hurry and find its entrance before they move on!
You hear the stately tolling of a very distant bell.
The vampire mosquito buzzes angrily. x4
The vampire mosquito bites you!
The vampire mosquito draws strength from your injuries!
The vampire mosquito bites you.
The vampire mosquito draws strength from your injuries!
There is a stone staircase leading down, spattered with blood here.
Unknown command.
Unknown command.
The vampire mosquito barely misses you.
The vampire mosquito completely misses you.
The vampire mosquito bites you.
The vampire mosquito draws strength from your injuries!
The vampire mosquito attacks as you move away!
The vampire mosquito bites you!
The vampire mosquito draws strength from your injuries!
The vampire mosquito attacks as you move away!
The vampire mosquito misses you.
The vampire mosquito attacks as you move away!
The vampire mosquito bites you.
* * * LOW HITPOINT WARNING * * *
The vampire mosquito draws strength from your injuries!
The vampire mosquito bites you!
You die...

..# #.# #
#.# # #.
#.#
#.##.##.#
#.......#
#.......#
#...y####
#..yyy@.#
#......##.#
###.##..
... #. ###
.### # .#
.# ##


You could see 4 vampire mosquitoes.

Vanquished Creatures
  An orc priest (D:8)
  2 orc wizards (D:9)
  A gnoll (D:9)
  An adder (D:5)
  A shadow imp (D:8)
6 creatures vanquished.

Vanquished Creatures (collateral kills)
  A yak (D:9)
1 creature vanquished.

Vanquished Creatures (others)
  A yak (D:9)
1 creature vanquished.

Grand Total: 8 creatures vanquished

Notes
Turn   | Place    | Note
-------+----------+-------------------------------------------
     0 | D:5      | petzl the Formicid Delver began the quest for the Orb.
     0 | D:5      | Reached XP level 1. HP: 18/18 MP: 1/1
    17 | D:5      | Reached skill level 1 in Spellcasting
    17 | D:5      | Reached XP level 2. HP: 24/24 MP: 1/4
    66 | D:6      | Found a large runed translucent door.
    67 | D:6      | Found a large runed translucent door.
   127 | D:6      | Noticed patfeehan111222's ghost (novice DsBe)
   149 | D:6      | Found a shimmering altar of Xom.
   153 | D:6      | Found a shimmering altar of Xom.
   153 | D:6      | Found a shimmering altar of Xom.
   154 | D:6      | Found a shimmering altar of Xom.
   154 | D:6      | Found a shimmering altar of Xom.
   155 | D:6      | Found a shimmering altar of Xom.
   155 | D:6      | Found a shimmering altar of Xom.
   223 | D:5      | Noticed Edmund
   226 | D:5      | You fall into a shaft and drop 3 floors!
   296 | D:8      | Noticed a bullfrog
   305 | D:8      | Noticed a two-headed ogre
   309 | D:8      | You fall into a shaft and drop 1 floor!
   396 | D:9      | Reached XP level 3. HP: 22/29 MP: 5/7
   397 | D:9      | Noticed an orc warrior
   477 | D:9      | Noticed a killer bee
   538 | D:9      | Noticed a killer bee
   538 | D:9      | Noticed a killer bee
   538 | D:9      | Noticed a killer bee
   566 | D:9      | Found Gozag's Platinum Reserve.
   566 | D:9      | Found an opulent altar of Gozag.
   573 | D:9      | Found a sparkling altar of Nemelex Xobeh.
   633 | D:10     | Entered Level 10 of the Dungeon
   662 | D:9      | Noticed a killer bee
   662 | D:9      | Noticed a killer bee
   844 | D:8      | Noticed an orc warrior
   852 | D:8      | Noticed a bullfrog
   862 | D:8      | You fall into a shaft and drop 2 floors!
   862 | D:10     | Found a broken altar of Ashenzari.
   876 | D:10     | Found a staircase to the Lair.
  1179 | D:8      | Reached XP level 4. HP: 14/35 MP: 7/9
  1182 | D:8      | Noticed a wight
  1426 | D:8      | Noticed a wight
  1426 | D:8      | Noticed an orc warrior
  1426 | D:8      | Noticed a bullfrog
  1438 | D:9      | Noticed a yak
  1444 | D:9      | Noticed a yak
  1445 | D:9      | Noticed a yak
  1445 | D:9      | Noticed a yak
  1446 | D:9      | Noticed a yak
  1458 | D:9      | Killed a yak
  1459 | D:9      | Reached skill level 5 in Spellcasting
  1459 | D:9      | Reached XP level 5. HP: 41/41 MP: 11/13
  1459 | D:9      | Reached XP level 6. HP: 47/47 MP: 11/14
  1693 | D:8      | Identified the +3 spear "Homeu" {flame, Str+4}
  1704 | D:8      | Noticed a sky beast
  1721 | D:7      | Noticed an orc warrior
  1733 | D:7      | Upgraded the game from 0.31-a0-23-gcbde74481b to
                  | 0.31-a0-37-g98a128e1d9
  1735 | D:7      | You fall into a shaft and drop 1 floor!
  1770 | D:8      | You fall into a shaft and drop 3 floors!
  1783 | D:12     | Noticed a cyclops
  1802 | D:11     | Noticed a cyan ugly thing
  1819 | D:11     | You fall into a shaft and drop 1 floor!
  1846 | D:12     | You fall into a shaft and drop 3 floors!
  1846 | D:15     | Entered Level 15 of the Dungeon
  1860 | D:14     | Noticed a troll
  1864 | D:13     | Noticed a kobold demonologist
  1867 | D:13     | You fall into a shaft and drop 2 floors!
  1923 | D:14     | Noticed a manticore
  2032 | D:14     | Identified the +8 sling "Oshang" {drain, MP-9 Int+3 Dex+5}
  2038 | D:13     | Noticed a vampire mosquito
  2038 | D:13     | Noticed a vampire mosquito
  2038 | D:13     | Noticed a vampire mosquito
  2038 | D:13     | Noticed a vampire mosquito
  2040 | D:13     | Slain by a vampire mosquito

Illustrated notes

Levels and vault maps discovered:
D:5:      layout_basic, nicolae_dithmenos_the_darkroom, serial_shops, shop,
          uniq_grinder, uniq_edmund
D:6:      layout_gridville, xom_redecorated, ebering_ghost_disaster_area,
          enter_ossuary_4, minmay_gold_behind_fungi, uniq_eustachio
D:7:      nzn_winding_woodlands_small [nzn_winding_woodlands_5x15_sidewinder,
          nzn_winding_woodlands_center_diamonds,
          nzn_winding_woodlands_5x15_parted], layout_basic,
          minmay_temple_entry_gardened_gates, gammafunk_ghost_cemetery,
          patterned_corridor, uniq_duvessa
D:8:      layout_cave_pools, mainiacjoe_overflow_alcove_4, serial_shops,
          nicolae_shop_advertising_works [nicolae_subvault_shop_adworks]
D:9:      layout_long_grid, nicolae_gozag_zags_fifth_avenue,
          nemelex_xobeh_ov_fountains_minmay, erik_orc_4
D:10:     layout_stronghold, marbit_many_paths,
          nicolae_overflow_quartered_altars, zin_angel,
          nicolae_ashenzari_panopticon, mainiacjoe_overflow_swirl,
          dpeg_oklobed_lair, enter_bailey_2, minmay_diamond_spiral
D:11:     minmay_separated_statues, layout_stronghold, nicolae_vehumet_radiance
D:12:     layout_irregular_city
D:13:     layout_loops_cross, serial_shops, bzr_entry_customers,
          nicolae_shop_back_alley_shop, shop, the_hattery, uniq_frances
D:14:     layout_basic, erik_vaults_2, uniq_roxanne
D:15:     gammafunk_enter_depths_forms, layout_loops_corners, minivault_23,
          minmay_misc_feat_five, uniq_josephine, uniq_kirke, uniq_louise

Skill      XL: |  1  2  3  4 |
---------------+-------------+-----
Spellcasting   | 1 2 3 5 |  5.8
Fighting       | |  3.2
Maces & Flails | |  2.0
Dodging        | |  1.7
Stealth        | |  6.0

Action                     |  1- 3 |  4- 6 || total
---------------------------+-------+-------++-------
  Melee: Mace              |    30 |    15 ||    45
         Punch             |     3 |       ||     3
Ability: Shaft Self        |     3 |     5 ||     8
  Evoke: Wand              |       |     7 ||     7
    Use: Scroll            |     1 |     5 ||     6
 Armour: Leather armour    |     6 |     3 ||     9
         Robe              |       |     1 ||     1
  Dodge: Dodged            |    19 |    15 ||    34

Table legend: (Time is in decaauts)
 A = Elapsed time spent in this place.
 B = Non-inter-level travel time spent in this place.
 C = Inter-level travel time spent in this place.
 D = Time resting spent in this place.
 E = Time spent auto-exploring this place.
 F = Levels seen in this place.
 G = Mean time per level.
                   A        B        C        D        E       F      G
               +--------+--------+--------+--------+--------+-----+--------+
         Total |   2057 |   2029 |     28 |    356 |     76 |  11 |  187.0 |
       Dungeon |   2057 |   2029 |     28 |    356 |     76 |  11 |  187.0 |
               +--------+--------+--------+--------+--------+-----+--------+

Top non-repeatable levels by time:
     D:9: 1176 daAuts
     D:8: 243 daAuts
     D:6: 155 daAuts
    D:14: 145 daAuts
    D:10: 121 daAuts
     D:5: 75 daAuts
    D:11: 47 daAuts
    D:15: 43 daAuts
    D:12: 28 daAuts
     D:7: 15 daAuts
    D:13: 4 daAuts
